 Dungeon Crawl Stone Soup version bcrawl-1.18.1 (webtiles) character file.

Game seed: 9522987654052776990

102 Gumption the Ducker (level 4, -2/37 HPs)
             Began as a Merfolk Archaeologist on Nov 5, 2019.
             Slain by Sigmund
             ... wielding a cursed -1 scythe
              (6 damage)
             ... on level 2 of the Dungeon.
             The game lasted 00:21:18 (1942 turns).

Gumption the Ducker (Merfolk Archaeologist)         Turns: 1942, Time: 00:21:18

Health: -2/37      AC:  7    Str: 12    XL:     4   Next: 77%
Magic:  3/3        EV: 14    Int: 13    God:
Gold:   125        SH:  0    Dex: 12    Spells: 3/3 levels left

rFire    . . .     SeeInvis .   a - +0 whip
rCold    . . .     Gourm    .   (no shield)
rNeg     . . .     Faith    .   d - +1 robe
rPois    .         Spirit   .   c - +1 hat
rElec    .         Reflect  .   (no cloak)
rCorr    .         Harm     .   (no gloves)
MR       .....                  s - +2 pair of boots
Stlth    +.........             (no amulet)
HPRegen  0.12/turn              (no ring)
MPRegen  0.08/turn              (no ring)

@: confused, studying Maces & Flails
A: change form in water, swift swim, stealthy swim, antennae 1, low mp 1, robust
1
a: no special abilities


You were on level 2 of the Dungeon.
You were hungry.

You visited 1 branch of the dungeon, and saw 2 of its levels.

You collected 125 gold pieces.

Inventory:

Hand Weapons
 a - a +0 whip (weapon)
 b - a +0 hunting sling
Missiles
 k - 323 stones
 l - 49 tomahawks (quivered)
Armour
 c - a +1 hat (worn)
 d - a +1 robe (worn)
 s - a +2 pair of boots (worn)
Scrolls
 i - a scroll of teleportation {unknown}
 p - 2 scrolls of identify {unknown}
Potions
 m - a potion of agility {unknown}
 n - a potion of flight {unknown}
 o - a potion of resistance {unknown}
Books
 g - a manual of Maces & Flails
Miscellaneous
 f - an ancient crate
Comestibles
 e - 7 rations {!d}


   Skills:
 + Level 2.5 Fighting
 * Level 2.4 Maces & Flails
 + Level 4.9 Dodging
 + Level 4.5 Stealth


You had 3 spell levels left.
You didn't know any spells.
Your spell library was empty.

Dungeon Overview and Level Annotations

Branches:
Dungeon (2/12)

Altars:
Ru

Annotations:
D:2 Robin, Sigmund


Innate Abilities, Weirdness & Mutations

You revert to your normal form in water.
You are very nimble and swift while swimming.
You are very stealthy in the water. (Stealth+)
You have a pair of small antennae on your head.
Your magical capacity is low. (-10% MP)
You are robust. (+10% HP)


Message History

You hit the dart slug.
The dart slug is severely wounded.
Sigmund gestures wildly while chanting.
Sigmund flickers and vanishes!
Deactivating autopickup; reactivate with Ctrl-A.
The dart slug bites you.
* * * LOW HITPOINT WARNING * * *
You bump into the rock wall.
You feel less confused.
You hear some strange, mumbled words.
You are confused.
You bump into the rock wall.
Something hits you but does no damage. The dart slug misses you.
You miss something. Something hits you.
* * * LOW HITPOINT WARNING * * *
The dart slug closely misses you. Something hits you.
* * * LOW HITPOINT WARNING * * *
You bump into the rock wall.
Something hits you.
You die...

###.### #.....# .
##.....# ..
#......# ..
#......# #
##......# #
##...##### #
##.....##### ...
..........w.@#
#.#
####.....###{# .
##...###...# #
##.###.....# #.
#.......#
.......†....#
...............
##@##..)......###
##.......##


You could see a dart slug.

Vanquished Creatures
  An iguana (D:2)
  5 worms
  4 leopard geckos
  3 bats (D:1)
  2 giant cockroaches (D:1)
  11 goblins (D:2)
  5 hobgoblins
  6 jackals (D:2)
  4 ball pythons
  3 frilled lizards
  5 kobolds
  4 rats (D:1)
53 creatures vanquished.

Vanquished Creatures (others)
  A jackal (D:2)
1 creature vanquished.

Grand Total: 54 creatures vanquished

Notes
Turn   | Place    | Note
-------+----------+-------------------------------------------
     0 | D:1      | Gumption the Merfolk Archaeologist began the quest for the
                  | Orb.
     0 | D:1      | Reached XP level 1. HP: 15/15 MP: 1/1
   268 | D:1      | Reached XP level 2. HP: 21/21 MP: 2/2
   880 | D:2      | Reached XP level 3. HP: 27/27 MP: 3/3
   899 | D:2      | Reached skill level 1 in Maces & Flails
  1078 | D:2      | Found a sacrificial altar of Ru.
  1126 | D:2      | Reached XP level 4. HP: 18/34 MP: 4/4
  1393 | D:2      | Noticed Robin
  1419 | D:2      | Gained mutation: Your magical capacity is low. (-10% MP)
                  | [potion of mutation]
  1419 | D:2      | Gained mutation: You are robust. (+10% HP) [potion of
                  | mutation]
  1419 | D:2      | Gained mutation: You have a pair of small antennae on your
                  | head. [potion of mutation]
  1904 | D:2      | Noticed Sigmund
  1942 | D:2      | Slain by Sigmund

Skill      XL: |  1  2  3  4 |
---------------+-------------+-----
Stealth        | 4 |  4.5
Fighting       | 2 |  2.5
Maces & Flails | 1 2 |  2.4
Dodging        | |  4.9

Action                   |  1- 3 |  4- 6 || total
-------------------------+-------+-------++-------
Melee: Whip              |   114 |    88 ||   202
 Fire: Hunting sling     |       |     5 ||     5
Throw: Tomahawk          |    40 |    38 ||    78
       Stone             |     5 |       ||     5
  Use: Potion            |       |     2 ||     2
 Stab: Sleeping          |     5 |       ||     5
  Eat: Chunk             |     1 |     2 ||     3
Armor: Robe              |    30 |    36 ||    66
Dodge: Dodged            |    75 |    95 ||   170
